 Dungeon Crawl Stone Soup version 0.27.0-1-g7a089689b8 (webtiles) character file.

Game seed: 8199919112313590405

352 willcat the Covert (level 6, -3/53 HPs)
             Began as a Gnoll Delver on Aug 13, 2021.
             Killed by divine providence
             ... invoked by an orc priest
              (12 damage)
             ... on level 5 of the Dungeon.
             The game lasted 00:01:07 (663 turns).

willcat the Covert (Gnoll Delver)                    Turns: 663, Time: 00:01:07

Health: -3/53      AC:  3    Str: 13    XL:     6   Next: 62%
Magic:  9/9        EV: 13    Int: 10    God:
Gold:   24         SH:  0    Dex: 13    Spells: 9/9 levels left

rFire    . . .     SeeInvis .   a - +0 hand axe
rCold    . . .     Faith    .   (no shield)
rNeg     . . .     Spirit   .   b - +0 leather armour
rPois    .         Reflect  .   (no helmet)
rElec    .         Harm     .   (no cloak)
rCorr    .         Rampage  .   (no gloves)
Will     .....                  (no boots)
Stlth    ++++......             (no amulet)
HPRegen  0.17/turn              (no ring)
MPRegen  0.11/turn              (no ring)

@: no status effects
A: fangs 1, strong nose, distributed training
a: no special abilities


You were on level 5 of the Dungeon.
You visited 1 branch of the dungeon, and saw 2 of its levels.

You collected 24 gold pieces.

Inventory:

Hand Weapons
 a - a +0 hand axe (weapon)
Armour
 b - a +0 leather armour (worn)
Wands
 g - a wand of digging (3)
Scrolls
 c - a scroll of fog
 d - a scroll of magic mapping
 e - a scroll of fear
Potions
 f - a potion of haste
 h - a potion of brilliance {unknown}


   Skills:
 + Level 6.8 Fighting
 + Level 2.0 Short Blades
 + Level 2.0 Long Blades
 + Level 5.0 Axes
 + Level 2.0 Maces & Flails
 + Level 2.0 Polearms
 + Level 2.0 Staves
 + Level 2.0 Slings
 + Level 2.0 Bows
 + Level 2.0 Crossbows
 + Level 2.0 Throwing
 + Level 2.0 Armour
 + Level 5.0 Dodging
 + Level 9.7 Stealth
 + Level 2.0 Shields
 + Level 2.0 Unarmed Combat
 + Level 2.0 Spellcasting
 + Level 1.6 Conjurations
 + Level 1.6 Hexes
 + Level 1.6 Summonings
 + Level 1.6 Necromancy
 + Level 1.6 Translocations
 + Level 1.6 Transmutations
 + Level 1.6 Fire Magic
 + Level 1.6 Ice Magic
 + Level 1.6 Air Magic
 + Level 1.6 Earth Magic
 + Level 1.6 Poison Magic
 + Level 2.2 Invocations
 + Level 2.0 Evocations


You had 9 spell levels left.
You didn't know any spells.
Your spell library was empty.

Dungeon Overview and Level Annotations

Branches:
Dungeon (5/15)
 Temple: D:4-7

Altars:


Innate Abilities, Weirdness & Mutations

You have very sharp teeth.
Your uncanny sense of smell can sniff out nearby items.
Your experience applies equally to all skills.


Message History

Your Polearms skill increases to level 2!
Your Staves skill increases to level 2!
Your Slings skill increases to level 2!
Your Bows skill increases to level 2!
Your Crossbows skill increases to level 2!
Your Throwing skill increases to level 2!
Your Armour skill increases to level 2!
Your Dodging skill increases to level 5!
Your Shields skill increases to level 2!
Your Unarmed Combat skill increases to level 2!
Your Spellcasting skill increases to level 2!
Your Evocations skill increases to level 2!
Unknown command.
Unknown command.
Things that are here:
a +0 scimitar of electrocution; a +0 chain mail; an orc corpse
There is a stone staircase leading down here.
You climb downwards.
The orc throws a stone.
The stone hits you.
The orc throws a stone.
The stone barely misses you.
There is a stone staircase leading up, spattered with blood here.
Unknown command.
Press: ? - help, v - describe, . - travel
Here: an orc, wielding a +2 vorpal hand axe, wearing a +0 leather armour and quivering stones The floor.
Unknown command.
The orc throws a stone.
The stone closely misses you. The orc completely misses you.
The orc priest invokes the aid of Beogh against you.
Beogh smites you!
You hit the orc.
The orc is heavily wounded.
The orc misses you.
You hit the orc but do no damage.
The orc is heavily wounded.
The orc hits you with a +2 vorpal hand axe.
* * * LOW HITPOINT WARNING * * *
x2 The orc throws a stone.
The stone barely misses you.
Unknown command.
The orc priest mumbles some strange prayers to Beogh against you.
Beogh smites you!
You die...

#..... #....#
+###....####
...#.......# .'.......#
#.......#
#######.......#
#.....#......#
#..)..#...@..#
#.....#o.....###
#.....'..........
#######.....#...........
..........o.#...........
............#...........
............#...........
............#......##...
.....o......######## ##


You could see an orc priest and an orc.

Vanquished Creatures
  An orc warrior (D:4)
  2 ogres (D:5)
  A jelly (D:5)
  A centaur skeleton (D:5)
  A bullfrog skeleton (D:5)
  An adder (D:5)
  A kobold (D:4)
8 creatures vanquished.

Notes
Turn   | Place    | Note
-------+----------+-------------------------------------------
     0 | D:5      | Reached skill level 9 in Stealth
     0 | D:5      | willcat the Gnoll Delver began the quest for the Orb.
     0 | D:5      | Reached XP level 1. HP: 23/23 MP: 1/1
    42 | D:5      | Noticed a jelly
    49 | D:5      | Killed a jelly
    50 | D:5      | Reached XP level 2. HP: 24/29 MP: 1/3
    50 | D:5      | Reached XP level 3. HP: 29/35 MP: 1/4
   136 | D:5      | Noticed an ogre
   176 | D:5      | Killed an ogre
   177 | D:5      | Reached skill level 1 in Short Blades
   177 | D:5      | Reached skill level 1 in Long Blades
   177 | D:5      | Reached skill level 1 in Maces & Flails
   177 | D:5      | Reached skill level 1 in Polearms
   177 | D:5      | Reached skill level 1 in Staves
   177 | D:5      | Reached skill level 1 in Slings
   177 | D:5      | Reached skill level 1 in Bows
   177 | D:5      | Reached skill level 1 in Crossbows
   177 | D:5      | Reached skill level 1 in Throwing
   177 | D:5      | Reached skill level 1 in Armour
   177 | D:5      | Reached skill level 1 in Shields
   177 | D:5      | Reached skill level 1 in Unarmed Combat
   177 | D:5      | Reached skill level 1 in Spellcasting
   177 | D:5      | Reached skill level 1 in Conjurations
   177 | D:5      | Reached skill level 1 in Hexes
   177 | D:5      | Reached skill level 1 in Summonings
   177 | D:5      | Reached skill level 1 in Necromancy
   177 | D:5      | Reached skill level 1 in Translocations
   177 | D:5      | Reached skill level 1 in Transmutations
   177 | D:5      | Reached skill level 1 in Fire Magic
   177 | D:5      | Reached skill level 1 in Ice Magic
   177 | D:5      | Reached skill level 1 in Air Magic
   177 | D:5      | Reached skill level 1 in Earth Magic
   177 | D:5      | Reached skill level 1 in Poison Magic
   177 | D:5      | Reached skill level 1 in Invocations
   177 | D:5      | Reached skill level 1 in Evocations
   177 | D:5      | Reached XP level 4. HP: 41/41 MP: 5/5
   244 | D:5      | Reached XP level 5. HP: 29/47 MP: 5/7
   419 | D:5      | Noticed an ogre
   434 | D:5      | Killed an ogre
   435 | D:5      | Reached XP level 6. HP: 20/53 MP: 8/8
   617 | D:5      | Noticed an orc warrior
   653 | D:4      | Killed an orc warrior
   654 | D:4      | Reached skill level 5 in Axes
   654 | D:4      | Reached skill level 5 in Dodging
   663 | D:5      | Killed from afar by an orc priest

Illustrated notes

Levels and vault maps discovered:
D:4:      layout_rooms, old_standard_altar, nicolae_overflow_crystal_walls,
          temple_green, gup_sewer_entry_bowl, corner_web_ring,
          nicolae_wooded_promenade, supply_closet_lemuel, palyth_stone_intersect
D:5:      layout_gridville, minmay_holes, grunt_tough_drop

Skill      XL: |  1  2  3  4  5  6 |
---------------+-------------------+-----
Stealth        | |  9.7
Short Blades   | 1 2 |  2.0
Long Blades    | 1 2 |  2.0
Maces & Flails | 1 2 |  2.0
Polearms       | 1 2 |  2.0
Staves         | 1 2 |  2.0
Slings         | 1 2 |  2.0
Bows           | 1 2 |  2.0
Crossbows      | 1 2 |  2.0
Throwing       | 1 2 |  2.0
Armour         | 1 2 |  2.0
Shields        | 1 2 |  2.0
Unarmed Combat | 1 2 |  2.0
Spellcasting   | 1 2 |  2.0
Conjurations   | 1 |  1.6
Hexes          | 1 |  1.6
Summonings     | 1 |  1.6
Necromancy     | 1 |  1.6
Translocations | 1 |  1.6
Transmutations | 1 |  1.6
Fire Magic     | 1 |  1.6
Ice Magic      | 1 |  1.6
Air Magic      | 1 |  1.6
Earth Magic    | 1 |  1.6
Poison Magic   | 1 |  1.6
Invocations    | 1 2 |  2.2
Evocations     | 1 2 |  2.0
Axes           | 5 |  5.0
Dodging        | 5 |  5.0
Fighting       | |  6.8

Action                   |  1- 3 |  4- 6 || total
-------------------------+-------+-------++-------
Melee: Hand axe          |     6 |    35 ||    41
       Bite              |     2 |     4 ||     6
Evoke: Wand              |     1 |     5 ||     6
 Stab: Sleeping          |     1 |       ||     1
       Paralysed         |     4 |    12 ||    16
Armor: Leather armour    |     1 |    13 ||    14
Dodge: Dodged            |       |    27 ||    27
